 Dungeon Crawl Stone Soup version 0.24-a0-434-gd57e52fea8 (webtiles) character file.

Game seed: 4295758837403892801

1064 Anmu the Covert (level 8, -12/48 HPs)
             Began as a Vampire Monk on June 15, 2019.
             Was a Priest of Sif Muna.
             Shot with an arrow by a centaur (13 damage)
             ... on level 6 of the Dungeon.
             The game lasted 00:30:16 (5553 turns).

Anmu the Covert (Vampire Monk)                      Turns: 5553, Time: 00:30:17

Health: -12/48     AC:  0    Str:  2 (10) XL:     8   Next: 6%
Magic:  7/8        EV: 24    Int: 10 (13) God:    Sif Muna [***...]
Gold:   170        SH:  0    Dex: 16 (23) Spells: 7/7 levels left

rFire    . . .     SeeInvis +   (weapon currently unavailable)
rCold    + + .     Gourm    .   (shield currently unavailable)
rNeg     + + +     Faith    .   (armour currently unavailable)
rPois    ∞         Spirit   .   (helmet currently unavailable)
rElec    .         Reflect  .   (cloak currently unavailable)
rCorr    .         Harm     .   (gloves currently unavailable)
MR       .....                  (boots currently unavailable)
Stlth    ++++++....             h - amulet of regeneration
HPRegen  0.00/turn              (ring currently unavailable)
MPRegen  0.11/turn              (ring currently unavailable)

@: bat-form, flying, bloodless, regenerating quickly, divine energy, very quick
A: tiny, no food, fangs 3, see invisible, blink, wild magic 1
a: Revivify, End Transformation, Blink, Stop Divine Energy, Channel Magic,
Renounce Religion


You were on level 6 of the Dungeon.
You worshipped Sif Muna.
Sif Muna was most pleased with you.
You were bloodless.
You were in vampire-bat-form.
You visited 2 branches of the dungeon, and saw 7 of its levels.

You collected 170 gold pieces.

Inventory:

Hand Weapons
 a - a +0 short sword
 l - a +0 short sword (melded)
Missiles
 g - 54 bolts
 w - 19 poisoned darts (quivered)
Armour
 b - a +0 robe (melded)
 p - a +0 pair of boots (melded)
 r - the +3 shield "Soalit" (melded) {rElec}
   (You found it on level 3 of the Dungeon)

   It insulates you from electricity.
 s - a +0 cloak (melded)
Jewellery
 e - an uncursed ring of teleportation
 h - an amulet of regeneration (around neck)
 u - a ring of stealth (melded)
 x - an uncursed ring of flight
 y - an uncursed amulet of magic regeneration {unknown}
Wands
 k - a wand of paralysis (8)
Scrolls
 d - 4 scrolls of remove curse
 f - a scroll of fog
 j - a scroll of immolation {unknown}
 o - 3 scrolls of amnesia
 t - 4 scrolls of identify
Potions
 c - 2 potions of lignification
 m - a potion of brilliance
 n - a potion of flight {unknown}
 q - a potion of haste {unknown}
 v - 2 potions of magic {unknown}
 z - a potion of might {unknown}


   Skills:
 + Level 3.9 Fighting
 + Level 6.2 Short Blades
 + Level 5.4 Dodging
 * Level 9.0 Stealth
 + Level 2.3 Shields
 + Level 0.3 Evocations


You had 7 spell levels left.
You didn't know any spells.
Your spell library contained the following spells:

 Spells                   Type           Power        Failure   Level  Hunger
 Flame Tongue             Conj/Fire      #....        45%         1    N/A
 Throw Flame              Conj/Fire      #.....       58%         2    N/A
 Conjure Flame            Conj/Fire      #.......     82%         3    N/A
 Inner Flame              Hex/Fire       #.......     82%         3    N/A
 Sticky Flame             Conj/Fire      #.......     99%         4    N/A
 Fireball                 Conj/Fire      #.........   100%        5    N/A

Dungeon Overview and Level Annotations

Branches:
Dungeon (6/15)             Temple (1/1) D:4

Altars:
Ashenzari
Dithmenos
Elyvilon
Fedhas
Gozag
Kikubaaqudgha
Makhleb
Nemelex Xobeh
Okawaru
Qazlal
Ru
Sif Muna
Vehumet
Wu Jian
Xom
Yredelemnul
Zin


Innate Abilities, Weirdness & Mutations

You do not eat.
You do not regenerate when monsters are visible.
You are frail without blood (-20% HP).
You are immune to poison.
You have razor-sharp teeth.
You have supernaturally acute eyesight. (SInv)
((You can survive without breathing.))
You can translocate small distances at will.
((You are covered in fur. (AC +1)))
Your spells are a little harder to cast, but a little more powerful.


Message History

You feel dopey.
You feel clumsy. x2; You feel dopey.
You feel weakened.
Found 32 gold pieces.
Found 19 sling bullets.
Found 13 gold pieces.
Found 11 gold pieces.
A centaur comes into view.
The centaur shouts!
The centaur wields a +0 shortbow.
The centaur shoots an arrow.
The arrow hits you.
* * * LOW HITPOINT WARNING * * *
Found a stone staircase leading down.
You see here an arrow.
Found a rapier.
Found a ration.
A sky beast comes into view.
Found 16 gold pieces.
Found a leather armour.
You blink.
The centaur shoots an arrow.
The arrow completely misses you.
The centaur shoots an arrow.
The arrow hits you!
You die...

########## #.....Y.$[
#§######## ###.#..%#
#)......# #.......#
#.......# #.......#
#...Z..b# ####...c.###
..$.....## ###
........######## #.#
#.. .$......c....c>.
#.# #.#
...#....(##########.###
#.# ...#.....# ......#
#.# ## #.....# .....
#.# #####.# ... #.#


You could see a centaur and a bullfrog skeleton.

Vanquished Creatures
  Menkaure (D:4)
  2 ogres
  A scorpion (D:5)
  A howler monkey (D:6)
  2 crimson imps
  A bullfrog zombie (D:5)
  A centaur zombie (D:5)
  A hound (D:4)
  A jelly (D:5)
  5 orc wizards
  3 orc priests
  Jessica (D:3)
  An iguana (D:3)
  A worker ant (D:4)
  3 gnolls (D:2)
  5 adders
  2 oozes
  An adder skeleton (D:5)
  4 worms
  3 dart slugs
  5 leopard geckos
  10 orcs
  7 bats
  3 giant cockroaches
  6 goblins
  3 hobgoblins
  4 jackals (D:5)
  4 kobolds
  4 quokkas
  A ball python (D:3)
  11 frilled lizards
  A jackal skeleton (D:4)
  4 rats
103 creatures vanquished.

Notes
Turn   | Place    | Note
-------+----------+-------------------------------------------
     0 | D:1      | Anmu the Vampire Monk began the quest for the Orb.
     0 | D:1      | Reached XP level 1. HP: 17/17 MP: 1/1
   383 | D:1      | Reached XP level 2. HP: 19/23 MP: 2/2
   792 | D:2      | Found a faded altar of an unknown god.
   804 | D:2      | Became a worshipper of Sif Muna the Loreminder
   804 | D:2      | Reached * piety under Sif Muna
   804 | D:2      | Reached ** piety under Sif Muna
   846 | D:2      | Reached XP level 3. HP: 27/29 MP: 3/3
  1091 | D:2      | You fall into a shaft and drop 2 floors!
  1220 | D:4      | Reached skill level 4 in Stealth
  1220 | D:4      | Reached XP level 4. HP: 17/35 MP: 4/4
  1284 | D:4      | Noticed Menkaure
  1294 | D:4      | Killed Menkaure
  1294 | D:4      | Reached skill level 5 in Stealth
  1294 | D:4      | Reached XP level 5. HP: 4/41 MP: 5/5
  1410 | D:4      | Found a staircase to the Ecumenical Temple.
  1443 | D:4      | Noticed an ogre
  1505 | D:3      | Noticed Jessica
  1511 | D:3      | Killed Jessica
  1511 | D:3      | Reached skill level 5 in Short Blades
  1572 | D:3      | Reached XP level 6. HP: 46/47 MP: 6/6
  1606 | D:3      | Reached skill level 6 in Stealth
  1654 | D:2      | Gained mutation: You occasionally shout uncontrollably at
                  | your foes. [potion of mutation]
  1654 | D:2      | Gained mutation: Your flesh is cold resistant. (rC+)
                  | [potion of mutation]
  2030 | D:2      | Reached *** piety under Sif Muna
  2163 | D:3      | Got a steaming shield
  2173 | D:3      | Identified the +3 shield "Soalit" {rElec} (You found it on
                  | level 3 of the Dungeon)
  2414 | D:3      | Lost mutation: You occasionally shout uncontrollably at
                  | your foes. [potion of mutation]
  2414 | D:3      | Lost mutation: Your flesh is cold resistant. (rC+) [potion
                  | of mutation]
  2414 | D:3      | Gained mutation: You can translocate small distances at
                  | will. [potion of mutation]
  2414 | D:3      | Gained mutation: Your spells are a little harder to cast,
                  | but a little more powerful. [potion of mutation]
  2414 | D:3      | Gained mutation: You are covered in fur. (AC +1) [potion of
                  | mutation]
  2668 | D:3      | You fall into a shaft and drop 3 floors!
  2677 | D:5      | Entered Level 5 of the Dungeon
  3038 | D:4      | Reached skill level 7 in Stealth
  3056 | D:4      | Reached skill level 1 in Shields
  3156 | D:4      | Reached XP level 7. HP: 52/52 MP: 7/7
  3168 | Temple   | Entered the Ecumenical Temple
  3455 | D:4      | Reached skill level 8 in Stealth
  3546 | D:4      | Found a white marble altar of Elyvilon.
  3970 | D:5      | Reached skill level 5 in Dodging
  5481 | D:6      | Reached skill level 9 in Stealth
  5481 | D:6      | Reached XP level 8. HP: 48/48 MP: 8/8
  5553 | D:6      | Shot with an arrow by a centaur

Levels and vault maps discovered:
D:1:      lightli_molten_gateway, layout_basic
D:2:      layout_basic, chequers_ecumenical_altar_simple_redux,
          grunt_ministairs_10, minmay_lizard_king
D:3:      layout_basic, minmay_checkerbox, uniq_jessica
D:4:      layout_loops_ring, lemuel_coloured_pillars_altar,
          minmay_temple_entry_sparse_star, minivault_14, uniq_menkaure
D:5:      layout_rooms, first_ration
D:6:      layout_basic, serial_shops, nicolae_shop_waterfront
Temple:   regret_index_temple_waves

Skill      XL: |  1  2  3  4  5  6  7 |
---------------+----------------------+-----
Fighting       | 3 |  3.9
Short Blades   | 4 5 6 |  6.2
Stealth        | 4 5 7 9 |  9.0
Dodging        | 4 5 |  5.4
Shields        | 1 2 |  2.3
Evocations     | |  0.3

Action                   |  1- 3 |  4- 6 |  7- 9 || total
-------------------------+-------+-------+-------++-------
Melee: Short sword       |   112 |   188 |   442 ||   742
       Bite              |     9 |    21 |    36 ||    66
Invok: Divine Energy     |       |       |     1 ||     1
 Abil: Blink             |       |     1 |    11 ||    12
       Bat Form          |       |       |     4 ||     4
       End Transformatio |       |       |     3 ||     3
       Exsanguinate      |       |       |     1 ||     1
Evoke: Wand              |       |     2 |    13 ||    15
  Use: Scroll            |     1 |     4 |     2 ||     7
       Potion            |       |     5 |       ||     5
 Stab: Sleeping          |     2 |    11 |     8 ||    21
       Distracted        |     1 |     1 |     1 ||     3
       Paralysed         |       |     2 |     1 ||     3
Armor: Robe              |     9 |    28 |    68 ||   105
       Skin              |       |     5 |       ||     5
Dodge: Dodged            |    59 |    90 |   141 ||   290
Block: Shield            |       |    28 |   187 ||   215

Table legend:
 A = Non-vault XP
 B = Vault XP
 C = Vault XP percentage of total XP
 D = Non-vault monster count
 E = Vault monster count
 F = Vault count percentage of total count
                 A         B        C        D         E       F
            +---------+---------+-------+---------+---------+-------
      Total |    1289 |     232 |  15.3 |      88 |      15 |  14.6
            +---------+---------+-------+---------+---------+-------
        D:1 |      14 |       0 |   0.0 |       7 |       0 |   0.0
        D:2 |      91 |      15 |  14.2 |      18 |       9 |  33.3
        D:3 |      87 |      45 |  34.1 |      20 |       5 |  20.0
        D:4 |     444 |     172 |  27.9 |      17 |       1 |   5.6
        D:5 |     496 |       0 |   0.0 |      19 |       0 |   0.0
        D:6 |     157 |       0 |   0.0 |       7 |       0 |   0.0
            +---------+---------+-------+---------+---------+-------
